Map: NeoHumanity LE

Players

LuNe

  • Race: Terran Terran
  • League: Master
  • Spawn Location: 5:00

Xung - Winner!

  • Race: Terran Terran
  • League: Master
  • Spawn Location: 11:00

VOD

Have the link to the VOD?

Description

Time

  • Played on: Feb. 9, 2023, 10:08 a.m.
  • Length: 8:19
Show
View Real Time Build Order
Export as new Build Order

LuNe Terran 

Build Orders:  

Get SALT Encoding   

  12  0:00  SCV  
  13  0:12  SCV  
  14  0:16  Supply Depot  
  14  0:24  SCV  
  15  0:38  SCV  
  15  0:39  Barracks  
  16  0:44  Refinery  
  16  0:50  SCV  
  16  0:53  Refinery  
  17  1:02  SCV  
  18  1:14  SCV  
  19  1:27  Reaper  
  19  1:29  Orbital Command  
  19  1:30  Supply Depot  
  20  1:41  Factory  
  20  1:55  SCV  
  20  2:00  Barracks Reactor  
  21  2:07  SCV  
  22  2:19  SCV  
  22  2:21  Command Center  
  23  2:28  Hellion  
  25  2:32  SCV  
  25  2:36  Reaper x2  
  28  2:40  Supply Depot  
  28  2:44  SCV  
  28  2:50  Factory Tech Lab  
  29  2:54  Starport  
  29  2:57  SCV  
  30  3:08  Marine x2  
  30  3:09  SCV  
  33  3:15  Siege Tank  
  36  3:21  SCV  
  37  3:27  Marine x2  
  37  3:33  Medivac, SCV  
  42  3:37  Orbital Command  
  42  3:42  Supply Depot  
  42  3:45  SCV  
  43  3:51  Cyclone  
  43  3:53  Marine  
  43  3:55  Marine  
  48  3:57  SCV  
  49  4:03  Starport Tech Lab  
  46  4:12  SCV  
  46  4:13  SCV  
  47  4:23  Command Center  
  47  4:25  SCV  
  47  4:26  SCV  
  49  4:34  Marine  
  49  4:35  Siege Tank  
  49  4:37  SCV  
  52  4:38  SCV  
  52  4:49  SCV  
  52  4:50  SCV, Raven  
  56  4:56  Marine x2  
  56  4:59  Supply Depot  
  58  5:00  Refinery  
  58  5:01  SCV  
  59  5:09  SCV  
  59  5:13  SCV  
  61  5:17  Refinery  
  61  5:18  Supply Depot  
  61  5:20  Cyclone  
  61  5:21  Marine x2, Barracks, SCV  
  65  5:28  Barracks  
  67  5:40  Orbital Command  
  67  5:41  SCV  
  67  5:42  SCV  
  69  5:48  Raven  
  71  5:51  Marine x2  
  71  5:54  SCV  
  74  6:04  Engineering Bay, SCV  
  74  6:07  Engineering Bay  
  74  6:08  Siege Tank, Marine  
  79  6:12  Orbital Command  
  79  6:14  SCV  
  79  6:17  SCV  
  81  6:23  Marine  
  82  6:28  Barracks Reactor  
  73  6:33  SCV, Starport Reactor  
  73  6:34  SCV  
  73  6:37  Marine  
  73  6:38  Stimpack  
  73  6:39  Marine  
  77  6:41  Barracks, SCV  
  77  6:44  Barracks  
  77  6:46  SCV x2  
  80  6:48  Supply Depot  
  80  6:53  SCV  
  81  6:54  Marine  
  81  6:55  Siege Tank  
  81  6:58  SCV x2  
  81  6:59  Marine  
  81  7:00  Marine  
  89  7:04  Supply Depot  
  89  7:05  SCV  
  89  7:08  Marine x2, Sensor Tower  
  91  7:10  SCV  
  91  7:12  SCV, Armory  
  91  7:14  Supply Depot  
  95  7:18  Marine  
  87  7:25  SCV  
  87  7:26  Marine  
  87  7:27  Siege Tank  
  87  7:29  Engineering Bay  
  90  7:31  Engineering Bay  
  90  7:35  Marine  
  87  7:39  SCV  
  75  7:45  SCV  
  75  7:49  Orbital Command  
  74  7:53  Marine  
  73  8:01  SCV  
  69  8:08  Barracks  
  69  8:09  Barracks  
  69  8:11  Barracks x2  
Show
View Real Time Build Order
Export as new Build Order

Xung Terran - Winner!

Build Orders:  

Get SALT Encoding   

  12  0:00  SCV  
  13  0:12  SCV  
  14  0:17  Supply Depot  
  14  0:26  SCV  
  15  0:38  SCV  
  15  0:40  Barracks  
  16  0:44  Refinery  
  16  0:50  SCV  
  16  0:53  Refinery  
  17  1:02  SCV  
  18  1:09  Barracks  
  18  1:15  SCV  
  19  1:27  Reaper  
  20  1:35  Orbital Command  
  20  1:48  Factory  
  20  2:03  SCV, Supply Depot  
  20  2:07  Reaper  
  22  2:10  Reaper  
  23  2:25  SCV  
  24  2:32  Hellion  
  24  2:35  Supply Depot  
  24  2:37  SCV  
  27  2:39  Reaper  
  28  2:47  Reaper  
  28  2:49  SCV  
  30  2:57  Hellion  
  32  3:01  SCV  
  32  3:02  Supply Depot  
  33  3:11  Reaper  
  34  3:13  SCV  
  34  3:19  Reaper, Hellion  
  38  3:25  Command Center  
  38  3:33  Starport  
  38  3:38  SCV  
  39  3:45  Factory Tech Lab  
  39  3:47  Refinery  
  39  3:48  Barracks Tech Lab  
  39  3:50  SCV  
  40  3:59  Barracks Reactor  
  41  4:02  SCV  
  40  4:11  Marine  
  41  4:17  SCV  
  42  4:24  Stimpack  
  42  4:25  Siege Tank, Starport Reactor  
  42  4:29  Marine, SCV  
  41  4:43  SCV  
  41  4:45  Marine x2  
  39  4:47  Marine  
  39  4:48  Orbital Command  
  39  4:51  Supply Depot  
  40  4:55  SCV  
  40  4:57  Siege Tank  
  44  5:03  Marine x2  
  45  5:07  SCV  
  45  5:08  Marine  
  47  5:16  SCV, Supply Depot  
  47  5:20  Marine x2, SCV  
  51  5:25  Medivac  
  51  5:26  Marine  
  51  5:27  Medivac  
  51  5:28  SCV  
  57  5:32  SCV  
  58  5:38  Marine x2  
  59  5:43  SCV  
  59  5:44  Marine  
  59  5:49  Siege Tank  
  64  5:50  Supply Depot  
  64  5:52  SCV  
  64  5:56  Marine  
  66  5:58  Marine  
  66  6:01  Marine, SCV  
  69  6:04  SCV  
  70  6:12  Medivac x2  
  70  6:14  Marine  
  70  6:16  Marine  
  76  6:19  Marine, Supply Depot  
  77  6:30  SCV  
  77  6:32  Marine  
  79  6:36  Siege Tank  
  79  6:39  SCV  
  83  6:42  SCV  
  83  6:44  Marine x2  
  86  6:47  Command Center  
  86  6:52  SCV  
  86  6:53  Supply Depot  
  86  6:54  SCV  
  88  6:56  Refinery  
  88  6:59  Marine  
  88  7:01  Engineering Bay, Barracks  
  89  7:02  Marine  
  89  7:08  SCV x2  
  92  7:09  Medivac  
  92  7:15  Marine, Medivac, Siege Tank  
  97  7:26  Marine x2  
  99  7:37  Marine  
  84  7:44  Marine  
  84  7:45  Marine  
  79  7:54  Marine  
  80  7:58  SCV x2  
  80  8:03  Barracks Reactor  
  83  8:06  Barracks x2  
Tags
 
Matchup
TvT
Race
Terran
Spawn Locations
Cross Positions
Add a new tag
Caveats
  • Supply blocks, unpowered buildings, or Contaminate may cause inaccurate times.
  • Supply counts are checked every 10 seconds.